 Dungeon Crawl Stone Soup version 0.31-a0-626-g8143ab4f1d (webtiles) character file.

Game seed: 7041935706994119086

79 ytrimaz the Insei (level 4, -4/28 HPs)
             Began as an Octopode Shapeshifter on Aug 24, 2023.
             Splashed by a jelly's acid (8 damage)
             ... on level 3 of the Dungeon.
             The game lasted 00:01:31 (1168 turns).

ytrimaz the Insei (Octopode Shapeshifter)           Turns: 1168, Time: 00:01:32

Health: -4/28      AC: -7    Str: 17    XL:     4   Next: 37%
Magic:  4/4        EV: 18    Int: 10    God:
Gold:   75         SH:  0    Dex: 17    Spells: 3/3 levels left

rFire   . .          .
                       - Unarmed
rCold   + . .        (no shield)
rNeg    + . .        (helmet currently unavailable)
rPois   .            d - amulet of the acrobat
rElec   .            l - ring "Biluxt" {rC+ rN+ EV+5 Str+3 Dex+3}
rCorr   .            (no ring)
SInv    .            (no ring)
Will    .....        (no ring)
Stlth   +++          (no ring)
HPRegen 0.24/turn    (no ring)
MPRegen 0.09/turn    (no ring)
                     (no ring)

%: acrobat
@: beast-form, corroded
A: beast (slay +2), almost no armour, amphibious, 8 rings, camouflage 1,
gelatinous body 1, (nimble swimmer 1), tentacles
a: Begin Untransformation


You were on level 3 of the Dungeon.
You were a hulking beast.
You visited 1 branch of the dungeon, and saw 3 of its levels.

You collected 75 gold pieces.


Innate Abilities, Weirdness & Mutations

You are a hulking beast.
Your limbs bulge with bestial killing power. (Slay +2)
You cannot wear most types of armour.
You are amphibious.
You can wear up to eight rings at the same time.
Your skin changes colour to match your surroundings (Stealth+).
Your rubbery body absorbs attacks. (AC +1, EV +1)
((You are camouflaged when in or above water. (Stealth+)))
You have tentacles for arms and can constrict up to eight enemies at once.


   Skills:
 - Level 1.0 Fighting
 - Level 2.0 Dodging
 + Level 4.1 Unarmed Combat
 + Level 4.0 Shapeshifting


You had 3 spell levels left.
You didn't know any spells.
Your spell library was empty.

Inventory:

Jewellery
 d - an amulet of the acrobat (around mantle)
   (You found it on level 2 of the Dungeon)
 j - a ring of ice
   (You found it on level 2 of the Dungeon)
 l - the ring "Biluxt" (left tentacle) {rC+ rN+ EV+5 Str+3 Dex+3}
   (You found it on level 3 of the Dungeon)

   [ring of evasion]

   EV+5:      It affects your evasion (+5).
   Str+3:     It affects your strength (+3).
   Dex+3:     It affects your dexterity (+3).
   rC+:       It protects you from cold.
   rN+:       It protects you from negative energy.
Talismans
 b - a beast talisman (active)
 c - a flux talisman
 f - a talisman of death
   (You found it on level 2 of the Dungeon)
Wands
 i - a wand of digging (8)
   (You found it on level 3 of the Dungeon)
Scrolls
 g - a scroll of teleportation
Potions
 a - a potion of lignification
 e - 2 potions of attraction {unknown}
 h - 3 potions of curing {unknown}
 k - a potion of mutation {unknown}
 m - a potion of brilliance {unknown}
 n - a potion of haste {unknown}
 o - a potion of enlightenment {unknown}

Dungeon Overview and Level Annotations

Branches:
Dungeon (3/15) Zot: 16837

Altars:
Okawaru

#.
##.....###(####.###.#
#
#..)..(.##....#.....<
#.......##.#.........
#.......##.########.#
#.......##...........
####....###..###.#..#
##..'....# #......#...
#.######## #.#....#..#
##...hJJ## #......#..#
#######'# #..###.#..#
.P.P.P.P.##......#..#
...Pรท...J##...####..#
J.JPJP.P.####.....>##
J.รทP..J..# #.######


JPJP.PรทP.# #.# )P..J....# #.# ########## #.# You could see 2 jellies.


Message History

MASSIVE DAMAGE!! (PAUSE)
You release your grip on the kobold.
The kobold hits you with a +0 short sword.
* * * LOW HITPOINT WARNING * * *
Unknown command.
The kobold misses you.
There is an open gate here.
The kobold throws a stone.
The stone closely misses you. The kobold attacks as it pursues you!
The kobold completely misses you.
The kobold completely misses you. ๐Ÿ˜จ HP[+1]
The kobold attacks as it pursues you! The kobold completely misses you.
You barely miss the kobold. Your grab misses the kobold.
You squeeze the kobold.
You kill the kobold!
Unknown command.
You tentacle-slap the kobold but do no damage.
Your grab misses the kobold.
The kobold completely misses you. ๐Ÿ˜ฎ HP[+1] Unknown command.
You closely miss the kobold. You grab the kobold.
Your squeeze misses the kobold.
You constrict the kobold, but do no damage.
The kobold escapes!
A kobold opens the door.
You tentacle-slap the kobold.
You kill the kobold!
You are too injured to fight recklessly!
You tentacle-slap the kobold.
You kill the kobold!
The kobold throws a stone.
The stone completely misses you.
Your Shapeshifting skill increases to level 4!
You are too injured to fight recklessly!
Unknown command.
The kobold misses you.
Items here: (( )) โ€ . ๐Ÿ˜ฎ HP[+1]
You are too injured to fight recklessly!
You tentacle-slap the kobold but do no damage.
Your grab misses the kobold. You squeeze the kobold.
You kill the kobold!
You are too injured to fight recklessly!
You bludgeon the kobold!
You kill the kobold!
Unknown command.
Things that are here:
a +0 whip; a +0 club; 3 stones You are too injured to fight recklessly!
Things that are here:
a +0 whip; a kobold corpse; ๐Ÿ˜ฎ HP[+1] Key pressed, stopping explore.
There is an open gate here.
o - a green potion ๐Ÿ˜Ž HP[+11]
Your hp is fully restored (28).
You see here a +0 short sword.
You now have 75 gold pieces (gained 1).
You open the door.
There is an open door here.
A kobold comes into view. It is wielding a +0 dagger.
A kobold is nearby!
A kobold is nearby!
A kobold is nearby!
The helpless kobold fails to defend itself.
You tentacle-slap the kobold.
You kill the kobold!
You see here a +0 dagger.
No target in view!
You open the door. 2 jellies come into view.
Unknown command.
There are monsters nearby!
There are monsters nearby! 8 endoplasms come into view.
There is an open door here.
Unknown command.
The jelly quivers.
The jelly hits the fungus.
The fungus begins to die.
The fungus is splashed with acid.
The jelly quivers.
You see here a +0 dagger.
A nearby fungus withers and dies.
You see here a +0 dagger.
The jelly completely misses you.
You tentacle-slap the jelly. The acid corrodes you!
Your tentacles burn! ๐Ÿ˜• HP[-3]
You take 3 damage, and now have 25/28 hp.
Unknown command.
You tentacle-slap the jelly. The acid corrodes you!
Your tentacles burn!
The jelly jiggles.
The jelly hits you.
You are splashed with acid!
* * * LOW HITPOINT WARNING * * *
๐Ÿ˜จ HP[-14]
You take 14 damage, and now have 11/28 hp.
MASSIVE DAMAGE!! (PAUSE)
You tentacle-slap the jelly.
Your tentacles burn!
* * * LOW HITPOINT WARNING * * *
The jelly hits you.
* * * LOW HITPOINT WARNING * * *
The acid corrodes you!
You are splashed with acid!
You die...

Skill      XL: |  1  2  3  4 |
---------------+-------------+-----
Unarmed Combat | 4 |  4.1
Shapeshifting  | 4 |  4.0
Fighting       | |  1.0
Dodging        | |  2.0

Action                     |  1- 3 |  4- 6 || total
---------------------------+-------+-------++-------
  Melee: Unarmed           |    67 |    24 ||    91
         Constrict         |    19 |     4 ||    23
         Tentacles         |    23 |     2 ||    25
    Use: Scroll            |     2 |       ||     2
   Stab: Sleeping          |     3 |     4 ||     7
 Armour: Skin              |     6 |       ||     6
  Dodge: Dodged            |    52 |    18 ||    70
   Form: Death             |     1 |       ||     1
         Beast             |     1 |       ||     1

Levels and vault maps discovered:
D:1:      dpeg_arrival_signposts, layout_basic
D:2:      layout_rooms, basic_altar, serial_bayou_crossing
D:3:      cheibrodos_fertilizer, layout_basic, nicolae_ecumenical_pavilion,
          reono_crystal_passage, saegor_snake_ambush

Notes
Turn   | Place    | Note
-------+----------+-------------------------------------------
     0 | D:1      | ytrimaz the Octopode Shapeshifter began the quest for the
                  | Orb.
     0 | D:1      | Reached XP level 1. HP: 13/13 MP: 1/1
     0 | D:1      | magus.rc [v1.9.6]
    78 | D:1      | You fall into a shaft and drop 1 floor!
    99 | D:2      | Reached XP level 2. HP: 17/18 MP: 2/2
   139 | D:2      | Reached XP level 3. HP: 17/23 MP: 3/3
   195 | D:2      | Found an iron altar of Okawaru.
   720 | D:3      | Found a faded altar of an unknown god.
   730 | D:3      | Reached XP level 4. HP: 23/28 MP: 4/4
   838 | D:3      | Identified the ring "Biluxt" {rC+ rN+ EV+5 Str+3 Dex+3}
   919 | D:3      | Reached skill level 4 in Unarmed Combat
  1078 | D:3      | Reached skill level 4 in Shapeshifting
  1168 | D:3      | HP: 7/28 [acid (4)]
  1168 | D:3      | Splashed by a jelly's acid

Vanquished Creatures
  3 adders
  2 worms (D:2)
  A dart slug (D:2)
  5 endoplasms (D:2)
  2 goblins
  5 hobgoblins
  2 jackals (D:2)
  2 quokkas
  6 ball pythons
  3 bats
  2 frilled lizards
  10 kobolds
  A rat (D:2)
44 creatures vanquished.

Table legend:
 A = Non-vault XP
 B = Vault XP
 C = Vault XP percentage of total XP
 D = Non-vault monster count
 E = Vault monster count
 F = Vault count percentage of total count
                 A         B        C        D         E       F
            +---------+---------+-------+---------+---------+-------
      Total |     102 |      11 |   9.7 |      37 |       7 |  15.9
            +---------+---------+-------+---------+---------+-------
        D:1 |       6 |       0 |   0.0 |       4 |       0 |   0.0
        D:2 |      75 |       0 |   0.0 |      26 |       0 |   0.0
        D:3 |      21 |      11 |  34.4 |       7 |       7 |  50.0
            +---------+---------+-------+---------+---------+-------

Skill      XL: |  1  2  3  4 |
---------------+-------------+-----
Unarmed Combat | 4 |  4.1
Shapeshifting  | 4 |  4.0
Fighting       | |  1.0
Dodging        | |  2.0

Action                     |  1- 3 |  4- 6 || total
---------------------------+-------+-------++-------
  Melee: Unarmed           |    67 |    24 ||    91
         Constrict         |    19 |     4 ||    23
         Tentacles         |    23 |     2 ||    25
    Use: Scroll            |     2 |       ||     2
   Stab: Sleeping          |     3 |     4 ||     7
 Armour: Skin              |     6 |       ||     6
  Dodge: Dodged            |    52 |    18 ||    70
   Form: Death             |     1 |       ||     1
         Beast             |     1 |       ||     1

Illustrated notes

Table legend:
 A = Kills in this place as a percentage of kills in the entire game.
 B = Kills by you in this place as a percentage of kills by you in the entire game.
 C = Kills by friends in this place as a percentage of kills by friends in the entire game.
 D = Other kills in this place as a percentage of other kills in the entire game.
 E = Experience gained in this place as a percentage of experience gained in the entire game.
 F = Experience gained in this place divided by the number of levels of this place that you have seen.
                   A       B       C       D       E      F
               +-------+-------+-------+-------+-------+----------------------
         Total | 100.0 | 100.0 |   N/A |   N/A | 100.0 |  37.7
       Dungeon | 100.0 | 100.0 |   N/A |   N/A | 100.0 |  37.7
               +-------+-------+-------+-------+-------+----------------------

Table legend: (Time is in decaauts)
 A = Elapsed time spent in this place.
 B = Non-inter-level travel time spent in this place.
 C = Inter-level travel time spent in this place.
 D = Time resting spent in this place.
 E = Time spent auto-exploring this place.
 F = Levels seen in this place.
 G = Mean time per level.
                   A        B        C        D        E       F      G
               +--------+--------+--------+--------+--------+-----+--------+
         Total |   1161 |   1128 |     33 |      0 |    816 |   3 |  387.0 |
       Dungeon |   1161 |   1128 |     33 |      0 |    816 |   3 |  387.0 |
               +--------+--------+--------+--------+--------+-----+--------+

Top non-repeatable levels by time:
     D:2: 638 daAuts
     D:3: 445 daAuts
     D:1: 77 daAuts
